AoeStats
← Johnson

Fortress

509589184Analyzed
4v4 RM · 6d ago on Sep 27, 2026· 46m 22s· 8 players
Game mode
Random Map
Map size
Huge
Population
200
Speed
Normal
Resources
Standard
Victory
Conquest
Starting age
Dark Age
Ending age
Imperial Age
RankedLock teamsTeams togetherTeam positionsShared explorationLock speedFull tech treeHidden civsTurbo modeCheats
Victory
Defeat
🇨🇳 Teutons · China
1318
+8
🇩🇪 Mongols · Germany
1241
+11
🇵🇰 Poles · Pakistan
1201
+12
🇨🇴 Bengalis · Colombia
1145
+16
🇩🇪 Danes · Germany
1319
-18
🇩🇪 Tupi · Germany
1291
-17
🇩🇪 Vietnamese · Germany
950
-6
🇩🇪 Varangians · Germany
937
-6
muui
6:32 Loom
9:00 Feudal Age
13:16 Castle Age
11:10 Horse Collar
11:35 Double-Bit Axe
12:15 Town Watch
14:35 Scale Mail Armor
19:12 Heavy Plow
19:28 Bow Saw
20:27 Fortified Wall
21:55 Masonry
21:52 Gold Mining
22:41 Chain Mail Armor
24:56 Ironclad
25:37 Wheelbarrow
24:54 Stone Mining
25:10 Squires
25:06 Gambesons
24:52 Man-at-Arms
26:50 Long Swordsman
27:19 Arson
29:00 Chain Mail Armor
28:56 Forging
29:46 Stone Shaft Mining
34:13 Imperial Age
32:08 Pikeman
33:30 Hand Cart
34:36 Iron Casting
34:08 Scale Barding Armor
36:05 Chemistry
35:10 Siege Engineers
35:41 Crop Rotation
34:49 Two-Handed Swordsman
36:44 Two-Man Saw
36:16 Conscription
36:32 Hoardings
36:19 Crenellations
36:42 Champion
38:08 Plate Mail Armor
38:27 Caravan
42:45 Blast Furnace
43:47 Onager
45:01 Fletching
45:11 Arrowslits
46:04 Siege Onager
46:05 Capped Ram
46:07 Heavy Scorpion
47:12 Bombard Tower
47:12 Ballistics
Hanoboy
7:58 Feudal Age
12:19 Castle Age
10:37 Horse Collar
12:00 Double-Bit Axe
12:27 Scale Barding Armor
14:33 Szlachta Privileges
16:29 Chain Barding Armor
17:19 Loom
17:59 Forging
18:42 Heavy Plow
18:55 Bow Saw
19:10 Bloodlines
19:01 Husbandry
24:22 Gold Mining
25:47 Iron Casting
38:03 Wheelbarrow
38:10 Wheelbarrow
40:03 Hand Cart
43:02 Imperial Age
40:18 Town Watch
43:57 Caravan
43:49 Cavalier
46:03 Scale Mail Armor
Dr. Consuegra
7:03 Feudal Age
10:48 Castle Age
9:12 Double-Bit Axe
9:10 Horse Collar
9:49 Loom
11:59 Bow Saw
11:47 Gold Mining
15:19 Sanctity
31:35 Imperial Age
32:47 Scale Barding Armor
32:52 Forging
37:03 Wheelbarrow
37:01 Paiks
37:23 Chain Barding Armor
38:45 Fortified Wall
39:27 Elite Battle Elephant
40:18 Bloodlines
41:09 Plate Barding Armor
42:03 Iron Casting
42:01 Husbandry
43:57 Caravan
Johnson
6:31 Feudal Age
6:57 Double-Bit Axe
6:55 Horse Collar
12:13 Castle Age
13:15 Heavy Plow
13:27 Bow Saw
14:39 Fletching
18:13 Ballistics
19:33 Wheelbarrow
25:08 Imperial Age
23:58 Bodkin Arrow
24:03 Padded Archer Armor
24:49 Hand Cart
24:19 Town Watch
25:36 Thumb Ring
25:58 Bracer
27:45 Bloodlines
27:36 Husbandry
27:31 Gold Mining
28:45 Elite Mangudai
29:47 Leather Archer Armor
30:01 Stone Mining
31:11 Light Cavalry
33:21 Forging
33:42 Conscription
33:48 Town Patrol
33:36 Loom
33:54 Town Patrol
33:22 Hussar
34:51 Iron Casting
34:21 Scale Barding Armor
36:33 Blast Furnace
36:22 Onager
38:03 Drill
38:39 Chain Barding Armor
37:43 Siege Onager
41:53 Capped Ram
42:34 Scale Mail Armor
44:13 Chemistry
42:53 Siege Ram
Murschann
7:40 Feudal Age
8:59 Loom
11:19 Castle Age
9:49 Scale Mail Armor
9:41 Double-Bit Axe
10:54 Forging
10:40 Horse Collar
12:52 Loom
17:36 Iron Casting
18:19 Chain Mail Armor
34:58 Imperial Age
35:35 Heavy Scorpion
36:19 Elite Skirmisher
37:18 Thumb Ring
37:07 Fletching
37:18 Padded Archer Armor
37:37 Imperial Skirmisher
40:18 Gold Mining
40:19 Stone Mining
40:39 Bodkin Arrow
laggysnapy
8:28 Feudal Age
9:52 Double-Bit Axe
10:01 Horse Collar
12:38 Castle Age
10:25 Loom
11:32 Town Watch
12:00 Champi Runner
13:31 Squires
15:41 Gold Mining
15:40 Champi Warrior
17:45 Arson
28:51 Forging
29:36 Heavy Plow
29:55 Bow Saw
30:54 Wheelbarrow
30:20 Pikeman
32:06 Scale Mail Armor
32:43 Iron Casting
36:19 Fletching
36:34 Padded Archer Armor
37:05 Bodkin Arrow
40:41 Imperial Age
38:34 Bodkin Arrow
40:45 Halberdier
41:57 Conscription
41:43 Bracer
42:23 Chain Mail Armor
44:23 Hoardings
43:32 Elite Blackwood Archer
schmischnu
1:07 Loom
9:00 Feudal Age
13:40 Castle Age
12:01 Double-Bit Axe
12:30 Horse Collar
14:47 Bow Saw
14:43 Heavy Plow
17:56 Wheelbarrow
18:53 Padded Archer Armor
19:14 Fletching
21:16 Gold Mining
22:03 Ballistics
22:50 Leather Archer Armor
22:31 Bodkin Arrow
27:53 Imperial Age
28:24 Pikeman
29:05 Squires
29:54 Halberdier
36:14 Forging
40:46 Iron Casting
The_King308
8:09 Feudal Age
11:39 Wheelbarrow
10:58 Loom
13:38 Castle Age
13:24 Wheelbarrow
12:36 Loom
12:45 Double-Bit Axe
12:52 Horse Collar
14:32 Gambesons
20:26 Hand Cart
23:05 Heavy Plow
27:03 Imperial Age
26:48 Gold Mining
27:12 Forging
27:02 Scale Mail Armor
27:09 Scale Barding Armor
28:18 Elite Varangian Guard
30:06 Arson
31:01 Iron Casting
30:42 Chain Mail Armor
30:48 Chain Barding Armor
29:58 Vendel Legacy
Connection lost

Rejoining the realm…

Still unreachable

The connection could not be restored.

Session expired

The server has moved on; the page needs a fresh start.